[Event "Titled Tuesday Blitz December 7 2021"]
[White "Diaz Camallonga, Carles"]
[Black "Tomaszewski, Kacper"]
[WhiteFideId "22235256"]
[BlackFideId "1127373"]
[WhiteElo "2438"]
[BlackElo "2153"]
[Result "1-0"]
[Round "03"]
[TimeControl "180+1"]
[Date "2021.12.07"]
[WhiteClock "0:00:09"]
[BlackClock "0:00:04"]

1. e4 c6 2. Nc3 d5 3. Nf3 Bg4 4. Be2 e6 5. d4 dxe4 6. Nxe4 Nd7 7. Bf4 Ndf6 8. Neg5 Bxf3 9. Nxf3 Nd5 10. Bg3 Bd6 11. Ne5 Ngf6 12. c3 O-O 13. Bd3 Ne7 14. Bh4 Ng6 15. Nxg6 hxg6 16. Qf3 Be7 17. O-O-O Qd5 18. Qxd5 cxd5 19. h3 Rfc8 20. Rhe1 a6 21. a4 Rab8 22. Bg3 Ra8 23. Kc2 Ne8 24. a5 Bd6 25. Be5 Bxe5 26. dxe5 Nc7 27. Kd2 Nb5 28. Ra1 Rc6 29. Ra4 Nc7 30. Rb4 Ra7 31. Ra1 Rc5 32. Ra3 Ne8 33. Rab3 Rc7 34. c4 dxc4 35. Rxc4 Kf8 36. Kc3 Ke7 37. Kd4 Rd7+ 38. Ke3 Nc7 39. Be4 Nd5+ 40. Kf3 Ra8 41. g3 Rad8 42. Kg2 g5 43. Bf3 f6 44. exf6+ gxf6 45. h4 gxh4 46. Rxh4 Kd6 47. Bxd5 exd5 48. Rb6+ Ke5 49. Rf4 Rd6 50. Rxb7 R8d7 51. Rxd7 Rxd7 52. Kf3 Rb7 53. b4 d4 54. Re4+ Kd5 55. Rf4 Kc4 56. Rxf6 d3 57. Rc6+ Kxb4 58. Ke3 Rd7 59. Kd2 Kxa5 60. g4 Kb5 61. Rc3 a5 62. Rxd3 Rg7 63. f3 a4 64. Ke3 Kb4 65. Kf4 a3 66. g5 a2 67. Rd1 Kc3 68. Kf5 Rf7+ 69. Kg4 Rd7 70. Rf1 Kc2 71. Ra1 Kb2 72. Rxa2+ Kxa2 73. g6 Kb3 74. f4 Kc4 75. Kg5 Kd5 76. f5 Ke5 77. f6 Rd1 78. f7 Rg1+ 79. Kh6 Rh1+ 80. Kg7 1-0


[Site "https://www.chess.com"]

[Event "Titled Tuesday Blitz December 7 2021"]
[White "Dmitrenko, Viktor"]
[Black "Goltsev, Dmitry"]
[WhiteFideId "14110270"]
[BlackFideId "24176710"]
[WhiteElo "2262"]
[BlackElo "2259"]
[Result "0-1"]
[Round "03"]
[TimeControl "180+1"]
[Date "2021.12.07"]
[WhiteClock "0:00:08"]
[BlackClock "0:01:23"]

1. Nf3 d5 2. d4 c6 3. e3 Nf6 4. c4 Bf5 5. Bd3 Bxd3 6. Qxd3 e6 7. Nbd2 Nbd7 8. O-O Bd6 9. e4 dxe4 10. Nxe4 Nxe4 11. Qxe4 Nf6 12. Qh4 O-O 13. Bg5 Be7 14. Rfe1 h6 15. Bxh6 gxh6 16. Qxh6 Nh7 17. Re3 Kh8 18. Rae1 Bg5 19. Nxg5 Qxg5 20. Qh3 Rg8 21. Re5 Qg4 22. Rh5 Qxh3 23. Rxh3 Rad8 24. Rh4 Rg6 25. g3 Kg7 26. Kg2 Nf6 27. Rf4 Ne8 28. b3 Nd6 29. Re5 Nf5 30. d5 cxd5 31. cxd5 Rd6 32. h4 Ne7 33. dxe6 Rdxe6 34. Rb5 b6 35. h5 Rgf6 36. Rg4+ Kh6 37. f4 Rf5 38. Rxf5 Nxf5 39. Rg8 Re2+ 40. Kf3 Nd4+ 41. Kg4 f5+ 42. Kh3 Rxa2 43. Rh8+ Kg7 44. Rd8 Nxb3 45. g4 fxg4+ 46. Kxg4 Nc5 47. Kg5 Ne6+ 0-1


[Site "https://www.chess.com"]

[Event "Titled Tuesday Blitz December 7 2021"]
[White "Donchenko, Alexander"]
[Black "Yakimova, Mariya"]
[WhiteFideId "24603295"]
[BlackFideId "34188859"]
[WhiteElo "2494"]
[BlackElo "2070"]
[Result "1-0"]
[Round "03"]
[TimeControl "180+1"]
[Date "2021.12.07"]
[WhiteClock "0:00:05"]
[BlackClock "0:00:07"]

1. e4 c5 2. Nf3 Nc6 3. d4 cxd4 4. Nxd4 Nf6 5. Nc3 e5 6. Ndb5 d6 7. Bg5 a6 8. Na3 b5 9. Nd5 Be7 10. Bxf6 Bxf6 11. c3 O-O 12. h4 Be6 13. Nc2 Rb8 14. g3 g6 15. h5 Bg5 16. Bh3 a5 17. hxg6 hxg6 18. Nce3 Kg7 19. Kf1 Ne7 20. Kg2 f5 21. exf5 gxf5 22. b3 Qd7 23. c4 bxc4 24. bxc4 Rh8 25. Rb1 Rxb1 26. Qxb1 Bxd5+ 27. cxd5 Bxe3 28. fxe3 Nxd5 29. Kf2 Qa7 30. Qd3 Qc5 31. Bg2 Rxh1 32. Bxh1 Nf6 33. Qxf5 Qc4 34. Bf3 Qxa2+ 35. Be2 a4 36. g4 Qf7 37. Kg1 a3 38. g5 Ne8 39. Qb1 a2 40. Qb2 Nc7 41. Bd1 Qd5 42. Bb3 Qf3 43. Bxa2 Qxe3+ 44. Kf1 Qxg5 45. Qb7 Qf6+ 46. Ke2 Qe7 47. Qc6 Kf6 48. Qf3+ Kg7 49. Qg4+ Kf6 50. Qh4+ 1-0


[Site "https://www.chess.com"]

[Event "Titled Tuesday Blitz December 7 2021"]
[White "Durarbayli, Vasif"]
[Black "Halkias, Stelios"]
[WhiteFideId "13402935"]
[BlackFideId "4201809"]
[WhiteElo "2599"]
[BlackElo "2575"]
[Result "0-1"]
[Round "03"]
[TimeControl "180+1"]
[Date "2021.12.07"]
[WhiteClock "0:00:02"]
[BlackClock "0:00:25"]

1. e4 c5 2. b3 Nc6 3. Bb2 e6 4. Nf3 Nf6 5. e5 Nd5 6. c4 Nf4 7. Nc3 d5 8. exd6 Qxd6 9. Nb5 Qd8 10. g3 a6 11. gxf4 axb5 12. cxb5 Nb4 13. d4 b6 14. Bg2 Bb7 15. O-O Nd5 16. Ne5 Qf6 17. Qg4 Bd6 18. dxc5 Bxc5 19. Nd3 Bd4 20. Bxd4 Qxd4 21. Qg3 O-O 22. a4 Rab8 23. Rad1 Qf6 24. Rfe1 Rfd8 25. Ne5 Nxf4 26. Rxd8+ Rxd8 27. Nc6 Rd3 28. Qg4 h5 0-1


[Site "https://www.chess.com"]

[Event "Titled Tuesday Blitz December 7 2021"]
[White "Faizrakhmanov, Ramil"]
[Black "Vivas Zamora, Fabian Ernesto"]
[WhiteFideId "24103209"]
[BlackFideId "3902480"]
[WhiteElo "2396"]
[BlackElo "1966"]
[Result "1-0"]
[Round "03"]
[TimeControl "180+1"]
[Date "2021.12.07"]
[WhiteClock "0:01:40"]
[BlackClock "0:00:02"]

1. e4 e5 2. Nf3 Nc6 3. Bb5 Nf6 4. O-O Nxe4 5. d4 Nd6 6. Bxc6 dxc6 7. dxe5 Nf5 8. Qxd8+ Kxd8 9. Nc3 Be7 10. h3 h5 11. Bg5 Be6 12. Rad1+ Ke8 13. b3 b6 14. Rfe1 Rd8 15. Rxd8+ Bxd8 16. Rd1 Bxg5 17. Nxg5 Ke7 18. f3 c5 19. Nxe6 fxe6 20. Nb5 Rc8 21. Nxa7 Ra8 22. Nc6+ Kf7 23. Rd7+ Kg6 24. a4 c4 25. Rxc7 cxb3 26. cxb3 h4 27. Ne7+ Kg5 28. Nxf5 Kxf5 29. Rxg7 Kxe5 30. Rg4 b5 31. axb5 Ra1+ 32. Kh2 Rb1 33. Rb4 Kd5 34. b6 1-0


[Site "https://www.chess.com"]

[Event "Titled Tuesday Blitz December 7 2021"]
[White "Gabrielian, Artur"]
[Black "Nakamura, Hikaru"]
[WhiteFideId "4131002"]
[BlackFideId "2016192"]
[WhiteElo "2440"]
[BlackElo "2884"]
[Result "0-1"]
[Round "03"]
[TimeControl "180+1"]
[Date "2021.12.07"]
[WhiteClock "0:00:01"]
[BlackClock "0:00:08"]

1. e4 c6 2. d4 d5 3. e5 Bf5 4. h4 h5 5. Bd3 Bxd3 6. Qxd3 e6 7. Nf3 Qa5+ 8. Nbd2 Qa6 9. c4 Ne7 10. O-O Nf5 11. b3 Nd7 12. a4 Bb4 13. Rd1 f6 14. exf6 gxf6 15. Nf1 Kf7 16. Ne3 Ne7 17. a5 b5 18. c5 e5 19. dxe5 fxe5 20. Ng5+ Ke8 21. Nf5 Nxc5 22. Ng7+ Kd8 23. Qh3 Qc8 24. Qe3 Ng6 25. Bd2 Bxd2 26. Qxc5 Bxg5 27. Qd6+ Qd7 28. Qxg6 Kc8 29. Rac1 Bxc1 30. Rxc1 Rb8 31. Ne6 Qd6 32. Qf7 Rb7 33. Qf5 Kb8 34. a6 Re7 35. Nc5 Kc7 36. Nb7 Qh6 37. Qc2 Rc8 38. Qc5 Re6 39. Na5 Kb8 40. b4 e4 41. Qd4 e3 42. Rf1 Qf6 43. Qc5 e2 44. Re1 Ka8 45. Nb7 Qe7 46. Qc3 Qxh4 47. Nc5 Rg6 48. Qf3 Qg4 0-1


[Site "https://www.chess.com"]

[Event "Titled Tuesday Blitz December 7 2021"]
[White "Gasanov, Eldar"]
[Black "Tasev, Dejan"]
[WhiteFideId "14104466"]
[BlackFideId "936618"]
[WhiteElo "2454"]
[BlackElo "2253"]
[Result "1-0"]
[Round "03"]
[TimeControl "180+1"]
[Date "2021.12.07"]
[WhiteClock "0:00:22"]
[BlackClock "0:00:56"]

1. d4 Nf6 2. c4 g6 3. Nc3 Bg7 4. Bg5 O-O 5. e4 d6 6. Qd2 Nbd7 7. Bd3 c5 8. Nf3 a6 9. O-O b6 10. d5 b5 11. cxb5 axb5 12. Nxb5 Ba6 13. a4 Bxb5 14. axb5 Qb6 15. Qc2 h6 16. Bd2 Ng4 17. Be2 Nge5 18. Nxe5 Nxe5 19. Ra6 Qc7 20. Rfa1 Rab8 21. Ra7 Rb7 22. Qa4 Rfb8 23. Rxb7 Rxb7 24. Qa8+ Kh7 25. Ba5 Qb8 26. Qxb8 Rxb8 27. Bc3 Kg8 28. Ra7 Bf6 29. f4 Ng4 30. Bxg4 Rxb5 31. e5 dxe5 32. fxe5 Bg5 33. Ra8+ Kg7 34. d6 exd6 35. exd6+ Bf6 36. Bxf6+ Kxf6 37. d7 1-0


[Site "https://www.chess.com"]

[Event "Titled Tuesday Blitz December 7 2021"]
[White "Gelman, Alexander"]
[Black "Marcziter, Dmitrii"]
[WhiteFideId "4118316"]
[BlackFideId "13900765"]
[WhiteElo "2375"]
[BlackElo "2155"]
[Result "1-0"]
[Round "03"]
[TimeControl "180+1"]
[Date "2021.12.07"]
[WhiteClock "0:01:11"]
[BlackClock "0:01:02"]

1. d4 d5 2. Nc3 c6 3. Bf4 Bf5 4. f3 Qb6 5. Qd2 Nf6 6. O-O-O Nbd7 7. g4 Bg6 8. h4 h5 9. g5 Ng8 10. e4 e6 11. a3 Ne7 12. Nh3 O-O-O 13. Bg3 dxe4 14. Na4 e3 15. Nxb6+ Nxb6 16. Qxe3 Ned5 17. Qe1 c5 18. Qa5 cxd4 19. Qxa7 Bd6 20. Bxd6 Rxd6 21. Rxd4 Rhd8 22. Bd3 Bxd3 23. Rxd3 g6 24. Rhd1 Rc6 25. Nf4 Kc7 26. Nxd5+ exd5 27. Qa5 Kb8 28. Rxd5 Rdc8 29. Rd8 Rxc2+ 30. Kb1 Rc6 31. Rxc8+ Kxc8 32. Qe5 Re6 33. Qc5+ Rc6 34. Qf8+ Kc7 35. Qd8# 1-0


[Site "https://www.chess.com"]

[Event "Titled Tuesday Blitz December 7 2021"]
[White "Guz, Ari"]
[Black "Moskalenko, Alexander"]
[WhiteFideId "2825759"]
[BlackFideId "4155351"]
[WhiteElo "1913"]
[BlackElo "2515"]
[Result "1/2-1/2"]
[Round "03"]
[TimeControl "180+1"]
[Date "2021.12.07"]
[WhiteClock "0:00:06"]
[BlackClock "0:00:10"]

1. b3 e6 2. Bb2 d5 3. g3 Nf6 4. Bg2 Be7 5. Nf3 b6 6. O-O Bb7 7. c4 O-O 8. d3 c5 9. cxd5 Nxd5 10. Nbd2 Bf6 11. Qc2 Nd7 12. a3 a5 13. Ne4 Bxb2 14. Qxb2 N7f6 15. Ne5 Qc7 16. Rac1 Rfc8 17. Rfd1 Nxe4 18. Bxe4 Nf6 19. Bxb7 Qxb7 20. Nc4 Rd8 21. a4 Rd5 22. Ne3 Rd4 23. Rc4 Rd7 24. Ng4 Nd5 25. Ne5 Rdd8 26. d4 Nb4 27. Rdc1 f6 28. Nf3 cxd4 29. Rxd4 e5 30. Rdc4 Rd7 31. Nh4 Rad8 32. f3 g6 33. Qb1 Kg7 34. Ng2 Qd5 35. Rc7 Qe6 36. Rxd7+ Rxd7 37. Ne3 Rd2 38. Rc7+ Kg8 39. Qc1 Rd7 40. Rc8+ Kg7 41. Ng4 g5 42. Rc7 e4 43. Rxd7+ Qxd7 44. Qc3 Qe6 45. Qc7+ Kg6 46. Qd8 Qxb3 47. Qf8 h5 48. Qxf6+ Kh7 49. Qe7+ Kg6 50. Qf6+ Kh7 51. Qe7+ Kg6 52. Qf6+ 1/2-1/2


[Site "https://www.chess.com"]

[Event "Titled Tuesday Blitz December 7 2021"]
[White "Dronavalli, Harika"]
[Black "Cruz Mendez, Jean Marco"]
[WhiteFideId "5015197"]
[BlackFideId "3526402"]
[WhiteElo "2382"]
[BlackElo "2064"]
[Result "1-0"]
[Round "03"]
[TimeControl "180+1"]
[Date "2021.12.07"]
[WhiteClock "0:00:10"]
[BlackClock "0:00:01"]

1. Nf3 Nf6 2. c4 g6 3. g3 Bg7 4. Bg2 O-O 5. O-O d6 6. d4 Ne4 7. b3 a5 8. Bb2 a4 9. e3 Nc6 10. h3 f5 11. Qc1 e5 12. dxe5 dxe5 13. Rd1 Qf6 14. Nc3 Nxc3 15. Bxc3 axb3 16. axb3 Rxa1 17. Qxa1 Qe7 18. b4 e4 19. Nd4 Nxd4 20. exd4 f4 21. d5 Bxc3 22. Qxc3 e3 23. gxf4 exf2+ 24. Kxf2 Rxf4+ 25. Kg1 Qh4 26. Rf1 Rxc4 27. Qf3 Bf5 28. d6 Qd4+ 29. Kh1 Qxd6 30. Qd5+ Be6 31. Qxb7 Rc2 32. Qa8+ Kg7 33. Qa1+ Kh6 34. Qf6 Qd2 35. Qf8+ Kh5 36. Qf3+ Kh6 37. Qf8+ Kh5 38. Qf3+ Kh6 39. Rd1 Qg5 40. Rg1 Qf5 41. Qe3+ Kg7 42. Qd4+ Qf6 43. Qd3 Rf2 44. Qg3 Rf4 45. Qe3 Rd4 46. Rf1 Rd6 47. Rxf6 Kxf6 48. Qf4+ Ke7 49. Qh4+ Kd7 50. Qxh7+ Kc8 51. Kh2 Rd2 52. Qh8+ Kd7 53. Qc3 1-0


[Site "https://www.chess.com"]

[Event "Titled Tuesday Blitz December 7 2021"]
[White "Harris, Ian"]
[Black "Kozionov, Kirill"]
[WhiteFideId "2020092"]
[BlackFideId "24101729"]
[WhiteElo "2339"]
[BlackElo "2426"]
[Result "0-1"]
[Round "03"]
[TimeControl "180+1"]
[Date "2021.12.07"]
[WhiteClock "0:00:12"]
[BlackClock "0:00:05"]

1. e4 c5 2. d4 cxd4 3. Nf3 d6 4. c3 dxc3 5. Nxc3 Nf6 6. Bc4 e6 7. O-O Be7 8. Qe2 O-O 9. Rd1 Qa5 10. Nb5 d5 11. exd5 exd5 12. Bxd5 Nxd5 13. Rxd5 Be6 14. Bd2 Qa6 15. Re5 Nd7 16. Nc7 Qd6 17. Bf4 Nxe5 18. Bxe5 Qb6 19. Nxa8 Rxa8 20. Bd4 Qc7 21. h3 b6 22. a3 Rd8 23. Bc3 h6 24. Re1 Bf8 25. Nd4 Bc4 26. Qe5 Qxe5 27. Rxe5 Bd6 28. Re3 Bc5 29. Re4 Bd3 30. Re3 Bg6 31. Nc6 Rd7 32. Re8+ Kh7 33. Ne5 Rd1+ 34. Kh2 f6 35. Nxg6 Kxg6 36. Re2 a5 37. Kg3 a4 38. Kf3 Rd3+ 39. Ke4 Rd7 40. Kf3 h5 41. g3 Kf5 42. g4+ hxg4+ 43. hxg4+ Kg6 44. Kg3 Rd3+ 45. f3 Rd1 46. Re1 Rd5 47. Re2 b5 48. Rd2 Rxd2 49. Bxd2 Bd4 50. Bc1 Kf7 51. Kf4 Ke6 52. Ke4 Bb6 53. Kd3 Kd5 54. Bd2 Bc5 55. Kc3 Bd4+ 56. Kc2 Kc4 57. Bc1 g6 58. Bd2 Be5 59. Be3 Bd6 60. Bd2 Be7 61. Be3 Bd8 62. Bd2 Bc7 63. Be3 Bd6 64. Bd2 Bc5 65. Bc3 f5 66. gxf5 gxf5 67. Bd2 Bd4 68. Bc1 Bg7 69. Bd2 Bf6 70. Be3 Kd5 71. b3 Be7 72. bxa4 bxa4 73. Bc1 Kd4 74. f4 Ke4 75. Kc3 Bd6 76. Kc4 Bxf4 77. Bb2 Bd2 78. Kb5 f4 79. Kc5 f3 80. Bd4 Be3 81. Bxe3 Kxe3 82. Kb4 f2 83. Kxa4 f1=Q 0-1


[Site "https://www.chess.com"]

[Event "Titled Tuesday Blitz December 7 2021"]
[White "Ivanchuk, Vasyl"]
[Black "Baskin, Robert"]
[WhiteFideId "14100010"]
[BlackFideId "24662402"]
[WhiteElo "2710"]
[BlackElo "2488"]
[Result "1-0"]
[Round "03"]
[TimeControl "180+1"]
[Date "2021.12.07"]
[WhiteClock "0:00:18"]
[BlackClock "0:00:01"]

1. d4 Nf6 2. c4 g6 3. Nc3 d5 4. Bf4 Bg7 5. e3 O-O 6. Qb3 c5 7. cxd5 cxd4 8. exd4 Nbd7 9. Be2 Nb6 10. Bf3 Bg4 11. Bxg4 Nxg4 12. Nf3 Nf6 13. d6 exd6 14. O-O Re8 15. a4 Qd7 16. a5 Nc8 17. h3 Ne7 18. a6 bxa6 19. Rxa6 Nf5 20. g4 Rab8 21. Qa2 Nxg4 22. hxg4 Nxd4 23. Nxd4 Qxg4+ 24. Bg3 Bxd4 25. Kg2 Bxc3 26. bxc3 Re2 27. Qd5 h5 28. Qf3 Qc4 29. Rxd6 h4 30. Rd4 Rxf2+ 31. Rxf2 1-0


[Site "https://www.chess.com"]

[Event "Titled Tuesday Blitz December 7 2021"]
[White "Jobava, Baadur"]
[Black "Csonka, Balazs"]
[WhiteFideId "13601520"]
[BlackFideId "742910"]
[WhiteElo "2689"]
[BlackElo "2404"]
[Result "1/2-1/2"]
[Round "03"]
[TimeControl "180+1"]
[Date "2021.12.07"]
[WhiteClock "0:00:10"]
[BlackClock "0:00:03"]

1. d4 Nf6 2. Nc3 d5 3. Bf4 c5 4. e3 cxd4 5. exd4 a6 6. Bd3 Nc6 7. Nge2 Nb4 8. f3 e6 9. a3 Nxd3+ 10. Qxd3 b5 11. O-O Be7 12. Kh1 O-O 13. Nc1 Bd7 14. Nb3 Qb6 15. Be3 a5 16. Nc5 b4 17. axb4 axb4 18. N3a4 Bxa4 19. Nxa4 Qc6 20. b3 Nd7 21. Kg1 Rfc8 22. Rfc1 Nb6 23. Nxb6 Qxb6 24. Kf2 h6 25. Ke2 Bf6 26. h3 g6 27. Rxa8 Rxa8 28. Bxh6 Bxd4 29. Bd2 Rc8 30. h4 Bc3 31. Be3 Qc6 32. g4 Bb2 33. Rd1 Qxc2+ 34. Qxc2 Rxc2+ 35. Rd2 Rxd2+ 36. Bxd2 Ba3 37. Kd3 e5 38. g5 Kg7 39. f4 f6 40. gxf6+ Kxf6 41. fxe5+ Kxe5 42. Be1 Kf5 43. Kd4 Ke6 44. Kd3 Ke5 45. Bd2 Ke6 46. Be1 Ke5 47. Bd2 Ke6 48. Be1 1/2-1/2


[Site "https://www.chess.com"]

[Event "Titled Tuesday Blitz December 7 2021"]
[White "Juhasz, Agoston"]
[Black "Fawzy, Adham"]
[WhiteFideId "778346"]
[BlackFideId "10613129"]
[WhiteElo "2211"]
[BlackElo "2508"]
[Result "0-1"]
[Round "03"]
[TimeControl "180+1"]
[Date "2021.12.07"]
[WhiteClock "0:00:03"]
[BlackClock "0:00:35"]

1. d4 Nf6 2. Nf3 e6 3. g3 b6 4. Bg2 Bb7 5. O-O c5 6. c4 cxd4 7. Qxd4 Nc6 8. Qd2 d5 9. b3 dxc4 10. bxc4 Bb4 11. Qc2 O-O 12. Rd1 Qe7 13. Bb2 Rac8 14. Nbd2 Rfd8 15. Rac1 Na5 16. Qb1 Bxf3 17. Nxf3 Rxd1+ 18. Rxd1 Nxc4 19. Ba1 Bc5 20. Ng5 Bxf2+ 21. Kh1 g6 22. Rf1 Ng4 23. Ne4 Nce3 24. Rxf2 Qa3 25. Bb2 Nxf2+ 26. Nxf2 Qb4 27. Nd3 Qd2 28. Bf3 Nd1 29. Bf6 Nf2+ 30. Kg2 Nxd3 31. Qxd3 Qxd3 32. exd3 Rc2+ 33. Kg1 Rxa2 34. Bb7 b5 35. d4 Rd2 36. Ba6 b4 37. Bc4 Rc2 38. Kf1 Rxc4 0-1


[Site "https://www.chess.com"]

[Event "Titled Tuesday Blitz December 7 2021"]
[White "Kadam, Om Manish"]
[Black "Perrine, Dalton"]
[WhiteFideId "45076294"]
[BlackFideId "2048434"]
[WhiteElo "1729"]
[BlackElo "2418"]
[Result "0-1"]
[Round "03"]
[TimeControl "180+1"]
[Date "2021.12.07"]
[WhiteClock "0:00:28"]
[BlackClock "0:00:20"]

1. e4 c5 2. Nf3 e6 3. d4 cxd4 4. Nxd4 Nf6 5. Nc3 Nc6 6. Be3 Bb4 7. Bd3 d5 8. Nxc6 bxc6 9. exd5 cxd5 10. O-O O-O 11. Bd4 Nd7 12. Qg4 e5 13. Bxe5 Nxe5 14. Qxb4 Be6 15. Rad1 Rb8 16. Qa3 Qb6 17. b3 Rfc8 18. Na4 Qa5 19. Qd6 Nxd3 20. Rxd3 Qc7 21. Qxc7 Rxc7 22. c3 Rbc8 23. Rfd1 Kf8 24. f3 Ke7 25. Kf2 Rc6 26. Ke2 h5 27. Kd2 g5 28. Re1 Kf6 29. g3 a5 30. Rd4 Rd8 31. f4 g4 32. Re5 Rh8 33. Nb2 h4 34. Nd1 hxg3 35. hxg3 Rh3 36. Re3 Rc5 37. Nf2 Rh2 38. Re2 Kg6 39. a3 Rg2 40. Rd3 Bf5 41. Rde3 d4 42. cxd4 Rc2+ 43. Kd1 Rxf2 44. Rxf2 Rxf2 45. d5 Bc2+ 46. Ke1 Rf3 47. Ke2 Bxb3 48. d6 Rxe3+ 49. Kxe3 Kf6 50. Kd4 Ke6 51. Kc5 Ba4 52. Kb6 Kxd6 53. Kxa5 Bd7 54. Kb6 Kd5 55. Kc7 Ba4 56. Kd8 Ke4 57. Ke7 f5 58. Kf6 Bc2 59. a4 Bxa4 60. Kg5 Bc2 61. Kh4 Kf3 62. Kg5 Kxg3 63. Kh5 Kxf4 64. Kh4 Kf3 65. Kg5 Kg3 66. Kh5 f4 67. Kg5 f3 68. Kh5 f2 69. Kg5 f1=Q 70. Kh5 Qf5+ 71. Kh6 Qg6# 0-1


[Site "https://www.chess.com"]

[Event "Titled Tuesday Blitz December 7 2021"]
[White "Kalogeris, Ioannis"]
[Black "Dilmukhametov, Artur"]
[WhiteFideId "4239563"]
[BlackFideId "24179922"]
[WhiteElo "2287"]
[BlackElo "2272"]
[Result "1-0"]
[Round "03"]
[TimeControl "180+1"]
[Date "2021.12.07"]
[WhiteClock "0:00:24"]
[BlackClock "0:01:01"]

1. e4 e6 2. d4 d5 3. e5 c5 4. c3 Qb6 5. Nf3 Nc6 6. Bd3 cxd4 7. O-O Bd7 8. Re1 Nge7 9. h4 Nf5 10. Bxf5 exf5 11. cxd4 Be7 12. Nc3 Be6 13. Ne2 h6 14. Nf4 g5 15. Nh5 O-O-O 16. b4 g4 17. b5 Qxb5 18. Nd2 Bxh4 19. Nb3 Kb8 20. a4 Qc4 21. Ba3 Be7 22. Bxe7 Nxe7 23. Nc5 Bc8 24. Rc1 Qb4 25. Na6+ bxa6 26. Rb1 a5 27. Qc2 Rd7 28. Qc5 Rb7 29. Rxb4 axb4 30. Rb1 Be6 31. Rxb4 Nc6 32. Qxc6 Rxb4 33. Qd6+ Ka8 34. Qxb4 Rc8 35. Nf4 h5 36. Qe7 h4 37. Qxh4 1-0


[Site "https://www.chess.com"]

[Event "Titled Tuesday Blitz December 7 2021"]
[White "Karacsonyi, Gellert"]
[Black "Kamsky, Gata"]
[WhiteFideId "764620"]
[BlackFideId "2000024"]
[WhiteElo "2215"]
[BlackElo "2645"]
[Result "0-1"]
[Round "03"]
[TimeControl "180+1"]
[Date "2021.12.07"]
[WhiteClock "0:00:23"]
[BlackClock "0:01:32"]

1. e4 c5 2. Nf3 e6 3. d4 cxd4 4. Nxd4 a6 5. c4 Nf6 6. Nc3 d6 7. Be2 b6 8. O-O Bb7 9. Qd3 Nbd7 10. b4 Be7 11. f4 O-O 12. Bb2 Re8 13. a3 Bf8 14. g4 e5 15. Nf5 exf4 16. Rxf4 Ne5 17. Qg3 g6 18. Ne3 Bg7 19. Ned5 Nfd7 20. Raf1 Rc8 21. Qf2 Rf8 22. h4 Nxc4 23. Bxc4 Rxc4 24. Rxf7 Rxf7 25. Qxf7+ Kh8 26. Rf3 Ne5 0-1


[Site "https://www.chess.com"]

[Event "Titled Tuesday Blitz December 7 2021"]
[White "Karas, Marek"]
[Black "Pulpan, Jakub"]
[WhiteFideId "14928558"]
[BlackFideId "302759"]
[WhiteElo "2270"]
[BlackElo "2471"]
[Result "0-1"]
[Round "03"]
[TimeControl "180+1"]
[Date "2021.12.07"]
[WhiteClock "0:00:01"]
[BlackClock "0:01:13"]

1. d4 Nf6 2. Nf3 d5 3. g3 e6 4. Bg2 Be7 5. O-O O-O 6. c4 dxc4 7. Qc2 b5 8. a4 b4 9. Qxc4 Bb7 10. Bf4 Nd5 11. Rd1 Nd7 12. Nbd2 Rc8 13. Nb3 c5 14. Rac1 N7b6 15. Qb5 Bc6 16. Qa5 Bxa4 17. Nxc5 Bxd1 18. Rxd1 Bxc5 19. dxc5 Nc4 20. Qxa7 Nxb2 21. Rb1 Ra8 22. Qb7 Na4 23. Bd6 Qc8 24. c6 Rd8 25. Bxb4 Nxb4 26. Qxb4 Rb8 27. Qxb8 Qxb8 28. Rxb8 Rxb8 29. h4 Nb6 30. Ne5 Rc8 31. Nd3 Nd5 32. Bxd5 exd5 33. Nb4 Kf8 34. Nxd5 Rxc6 35. Kg2 Rc2 36. e3 Ra2 37. Kf3 Ra5 38. Nf4 g6 39. Kg2 h6 40. Kf3 Ke7 41. Kg2 Rf5 42. Ne2 Rc5 43. Nd4 Rc8 44. Kf3 Kf6 45. Ne2 Kf5 46. Nd4+ Ke5 47. Ne2 Ra8 48. Nd4 Ra6 49. Ne2 Rf6+ 50. Kg2 Ke4 51. Nf4 Ra6 52. Kg1 Kf3 53. Kh2 Kxf2 54. e4 Kf3 55. e5 g5 56. hxg5 hxg5 57. Nh3 Rh6 58. g4 Kxg4 0-1


[Site "https://www.chess.com"]

[Event "Titled Tuesday Blitz December 7 2021"]
[White "Khoroshev, Nikita"]
[Black "Mezentsev, Ivan"]
[WhiteFideId "14200287"]
[BlackFideId "13706195"]
[WhiteElo "2354"]
[BlackElo "2295"]
[Result "1-0"]
[Round "03"]
[TimeControl "180+1"]
[Date "2021.12.07"]
[WhiteClock "0:00:10"]
[BlackClock "0:00:02"]

1. e4 c5 2. c3 Nf6 3. e5 Nd5 4. Nf3 Nc6 5. d4 cxd4 6. cxd4 d6 7. exd6 e6 8. Nc3 Bxd6 9. Bd3 Be7 10. O-O O-O 11. Re1 Nxc3 12. bxc3 b6 13. Be4 Bb7 14. Ne5 Na5 15. Bxh7+ Kxh7 16. Qh5+ Kg8 17. Re3 Qd5 18. Rg3 Bf6 19. Bh6 Rad8 20. Re1 Nc4 21. Bxg7 Bxg7 22. Qg4 Qxg2+ 23. Rxg2 Bxg2 24. Kxg2 Nxe5 25. Rxe5 Rd5 26. Rxd5 exd5 27. Qd7 Bf6 28. Qxd5 Kg7 29. Qb7 Rd8 30. Qxa7 Rc8 31. Qa3 Rc4 32. Qb3 b5 33. Kf3 Kg6 34. Ke4 Kg7 35. Kd5 Kg6 36. f4 Kf5 37. a4 Rxa4 38. Qxb5 Ra1 39. Qd3+ Kxf4 40. Qh7 1-0


[Site "https://www.chess.com"]

[Event "Titled Tuesday Blitz December 7 2021"]
[White "Kislinsky, Alexey"]
[Black "Vusatiuk, Vladimir"]
[WhiteFideId "14108801"]
[BlackFideId "14118610"]
[WhiteElo "2335"]
[BlackElo "2157"]
[Result "1-0"]
[Round "03"]
[TimeControl "180+1"]
[Date "2021.12.07"]
[WhiteClock "0:00:55"]
[BlackClock "0:00:45"]

1. e4 c5 2. Nc3 g6 3. f4 Bg7 4. Nf3 Nc6 5. a3 d6 6. Bc4 Nf6 7. d3 O-O 8. h3 e6 9. Ba2 d5 10. Bd2 b6 11. O-O Bb7 12. Qe1 d4 13. Ne2 Nd7 14. Kh1 h6 15. Ng3 Kh7 16. Qf2 Qe7 17. Rae1 Rae8 18. f5 exf5 19. exf5 Qf6 20. Ne4 Qd8 21. Nfg5+ hxg5 22. Nxg5+ Kg8 23. Qh4 Nf6 24. fxg6 Rxe1 25. gxf7+ Rxf7 26. Bxf7+ Kf8 27. Rxe1 Qc7 28. Ne6+ Kxf7 29. Nxc7 1-0


[Site "https://www.chess.com"]

[Event "Titled Tuesday Blitz December 7 2021"]
[White "Klabis, Rokas"]
[Black "Svane, Frederik"]
[WhiteFideId "12805246"]
[BlackFideId "12923044"]
[WhiteElo "2255"]
[BlackElo "2459"]
[Result "1-0"]
[Round "03"]
[TimeControl "180+1"]
[Date "2021.12.07"]
[WhiteClock "0:00:13"]
[BlackClock "0:00:03"]

1. e4 c5 2. Nf3 e6 3. Nc3 a6 4. g3 b5 5. Bg2 Bb7 6. d3 d6 7. O-O Nf6 8. a4 b4 9. Ne2 Be7 10. h3 O-O 11. g4 Nc6 12. Ng3 Qc7 13. b3 d5 14. Bb2 dxe4 15. dxe4 Rad8 16. Qe2 Nd4 17. Bxd4 cxd4 18. Rfd1 e5 19. Nf5 Nxe4 20. Nxe5 Qxe5 21. Bxe4 Bf6 22. Re1 Qxe4 23. Qxe4 Bxe4 24. Rxe4 d3 25. Rc1 Bb2 26. Rf1 dxc2 27. Rc4 c1=Q 28. Rfxc1 Bxc1 29. Rxc1 Rd3 30. Rc6 Rxb3 31. Rxa6 g6 32. Ne7+ Kg7 33. Rb6 Ra8 34. g5 h6 35. gxh6+ Kxh6 36. Nf5+ Kh7 37. Nd6 Ra7 38. Kg2 Kg7 39. Nc4 Rxa4 40. Rb7 Ra6 41. Ne3 Re6 42. h4 Rb1 43. h5 gxh5 44. Nf5+ Kf6 45. Nd4 Rd6 46. Nc2 b3 47. Na3 Ra1 48. Rxb3 Rd4 49. Nb5 Rg4+ 50. Kf3 Rh1 51. Ke2 h4 52. Nc3 h3 53. Nd5+ Ke6 54. Ne3 Rgg1 55. Rb6+ Kd7 56. Kf3 h2 57. Rh6 Rg6 58. Rh3 Ke7 59. Nf5+ Ke6 60. Ng3 Ra1 61. Rxh2 Ra3+ 62. Kg2 Ra2 63. Rh4 Rf6 64. Ne4 Rf5 65. Kg3 Ke5 66. Nc3 Ra3 67. Rc4 Ke6 68. Kg2 Rg5+ 69. Kf1 Re5 70. Kg2 Kf5 71. Nb5 Kg6 72. Nxa3 Rg5+ 73. Kf1 Ra5 74. Nc2 Ra2 75. Ne3 Rb2 76. Rc6+ Kg5 77. Kg2 Rb4 78. Kg3 Rb3 79. Rc5+ Kg6 80. Kf4 Rb4+ 81. Rc4 Rb2 82. f3 Rb3 83. Ng4 Ra3 84. Rc6+ Kg7 85. Ne5 Ra4+ 86. Rc4 Ra5 87. Rc7 Ra4+ 88. Kf5 Kh6 89. Rxf7 Ra5 90. f4 Rb5 91. Rf6+ Kh7 92. Rc6 Rb1 93. Ke6 Ra1 94. f5 Ra8 95. f6 Re8+ 96. Kf5 Rd8 97. f7 Kg7 98. Rg6+ Kh7 99. Rg2 Rf8 100. Kf6 Rb8 101. Nd7 Ra8 102. f8=Q Ra6+ 103. Ke5 Re6+ 104. Kd5 Re5+ 105. Kc4 Re4+ 106. Kb3 Re3+ 107. Ka4 Re4+ 108. Qb4 Rf4 109. Rh2+ Kg6 110. Qxf4 Kg7 111. Rg2+ Kh7 112. Qh2# 1-0


[Site "https://www.chess.com"]